 Dungeon Crawl Stone Soup version 0.20.1-1-g8b1a95d (webtiles) character file.

7151 equalderp2856 the Cleaver (level 10, -2/90 HPs)
             Began as a Minotaur Fighter on Oct 24, 2017.
             Slain by an iguana (8 damage)
             ... on level 9 of the Dungeon.
             The game lasted 00:17:28 (10979 turns).

equalderp2856 the Cleaver (Minotaur Fighter)       Turns: 10979, Time: 00:17:29

Health: -2/90      AC: 14    Str: 21    XL:     10   Next: 86%
Magic:  9/9        EV:  2    Int:  6    God:
Gold:   432        SH:  7    Dex: 12    Spells: 9/9 levels left

rFire    . . .     SeeInvis .   a - +0 war axe
rCold    . . .     Gourm    .   c - +0 shield
rNeg     . . .     Faith    .   C - +0 plate armour
rPois    .         Spirit   .   (helmet restricted)
rElec    .         Reflect  .   L - +1 cloak
rCorr    .         Harm     .   q - +1 pair of gloves
MR       .....                  (no boots)
Stlth    ..........             t - amulet of rage
Regen    0.3/turn               m - ring of loudness
MPRegen  0.2/turn               K - ring of stealth

@: extremely drained
A: retaliatory headbutt, horns 2
a: Evoke Berserk Rage


You were on level 9 of the Dungeon.
You were not hungry.

You visited 1 branch of the dungeon, and saw 10 of its levels.

You collected 462 gold pieces.
You spent 30 gold pieces at shops.

Inventory:

Hand Weapons
 a - a +0 war axe (weapon)
Armour
 b - a +0 scale mail
 c - a +0 shield (worn)
 q - a +1 pair of gloves (worn)
 r - a +0 chain mail (quivered)
 C - a +0 plate armour (worn)
 D - a +2 scale mail of fire resistance
 L - a +1 cloak (worn)
Jewellery
 m - a ring of loudness (left hand)
 t - an amulet of rage (around neck)
 x - an uncursed ring of fire
 G - an uncursed amulet of rage
 K - a ring of stealth (right hand)
Wands
 I - a wand of enslavement (5/24)
 O - a wand of confusion (16/48)
Scrolls
 e - 2 scrolls of teleportation
 j - a scroll of magic mapping {unknown}
 o - 5 scrolls of amnesia
 s - 2 scrolls of random uselessness {unknown}
 u - a scroll of fog {unknown}
 w - 8 scrolls of identify
 y - a scroll of recharging {unknown}
 A - 3 scrolls of remove curse
 B - a scroll of enchant weapon {unknown}
 J - a scroll of vulnerability {unknown}
Potions
 d - 4 potions of might
 g - 2 potions of haste {unknown}
 k - 2 potions of degeneration {unknown}
 l - 2 potions of brilliance {unknown}
 n - a potion of flight {unknown}
 p - a potion of heal wounds {unknown}
 v - 4 potions of curing {unknown}
 E - a potion of lignification {unknown}
 F - a potion of invisibility {unknown}
 H - 2 potions of agility {unknown}
Books
 M - a book of Cantrips

   Spells                             Type                      Level
   a - Confusing Touch                Hexes                        1
   b - Animate Skeleton               Necromancy                   1
   c - Summon Small Mammal            Summoning                    1
   d - Apportation                    Translocation                1
Comestibles
 f - 10 bread rations
 h - 6 royal jellies
 z - 3 meat rations


   Skills:
 + Level 8.7(0.0) Fighting
 + Level 12.5(0.0) Axes
 + Level 9.1(0.0) Armour
 + Level 2.9(0.0) Dodging
 + Level 1.5(0.0) Stealth
 + Level 10.1(0.0) Shields
 + Level 0.5(0.0) Evocations


You had 9 spell levels left.
You didn't know any spells.

Dungeon Overview and Level Annotations

Branches:
Dungeon (10/15)            Temple (0/1) D:4
   Lair: D:8-11         Orc: D:9-12

Altars:
Ashenzari
Cheibriados
Fedhas
Gozag
Kikubaaqudgha
Makhleb
Nemelex Xobeh
Okawaru
Qazlal
Sif Muna
Trog
Xom
Zin
The Shining One

Shops:
D:5 (   D:9 *

Annotations:
D:10 yogakurto's ghost, journeyman GrSk


Innate Abilities, Weirdness & Mutations

You reflexively headbutt those who attack you in melee.
You have a pair of horns on your head.


Message History

* * * LOW HITPOINT WARNING * * *
Found a pair of boots.
The iguana hisses menacingly.
You see here 3 gold pieces.
The iguana hisses menacingly.
There is a stone staircase leading up, spattered with blood here.
You block the iguana's attack.
You climb upwards.
There is a stone staircase leading down, spattered with blood here.
You hit the iguana but do no damage.
The iguana bites you but does no damage.
The iguana bites you!
* * * LOW HITPOINT WARNING * * *
You closely miss the iguana. The iguana bites you.
* * * LOW HITPOINT WARNING * * *
You hit the iguana.
The iguana is moderately wounded.
The iguana bites you but does no damage.
The iguana bites you!
You die...

#.# ##.## ##.####
#.# ##.#.## #......
#.#
##.###.#######......
#.#
#.#####....)†...####
#.#
##.....########.#
#.#
#.....########.####
#.#
#.................#
#.#
#..............##.#
#.#
##@l...##########.#
#.# ####.## #.#
#.########.>.## #.#
#.............# #.#
#.########...## #.#
#.# ##.## ##.# #.#
### #... #.# #..#
#^## #..#


You could see an iguana.

Vanquished Creatures
  A two-headed ogre (D:9)
  A troll (D:9)
  A hornet (D:9)
  2 hippogriffs
  A spriggan (D:8)
  A wyvern (D:10)
  5 yaks
  4 orc warriors
  A hornet zombie (D:9)
  2 sky beasts
  An ice beast (D:9)
  4 necrophages (D:9)
  2 eyes of draining (D:6)
  2 phantoms
  4 ogres
  The ghost of mrlamo the Skirmisher, an amateur HuFi (D:3)
  3 centaurs
  A crocodile (D:9)
  A bullfrog (D:7)
  A wyvern zombie (D:9)
  2 scorpions
  12 killer bees
  3 wights (D:9)
  8 crimson imps
  2 quasits
  5 hounds
  13 orc wizards
  2 centaur skeletons
  5 orc priests
  3 bullfrog skeletons
  3 iguanas
  6 worker ants
  A hound zombie (D:6)
  2 mummies (D:9)
  A worker ant zombie (D:9)
  4 gnolls (D:2)
  7 adders
  A howler monkey skeleton (D:8)
  5 shadow imps
  An ooze (D:5)
  An adder zombie (D:9)
  2 adder skeletons
  5 worms
  4 dart slugs
  4 leopard geckos
  49 orcs
  A ball python (D:1)
  A giant cockroach (D:1)
  7 goblins
  7 hobgoblins
  8 jackals
  9 kobolds
  3 quokkas
  4 bats
  6 frilled lizards
  A jackal zombie (D:7)
  2 quokka zombies
  6 rats
245 creatures vanquished.

Notes
Turn   | Place    | Note
-------+----------+-------------------------------------------
     0 | D:1      | equalderp2856 the Minotaur Fighter began the quest for the Orb.
     0 | D:1      | Reached XP level 1. HP: 19/19 MP: 0/0
    45 | D:1      | Reached XP level 2. HP: 22/27 MP: 1/1
   372 | D:2      | Reached XP level 3. HP: 28/33 MP: 2/2
   454 | D:2      | Found an iron altar of Okawaru.
   501 | D:2      | Reached skill level 3 in Axes
   506 | D:2      | Reached XP level 4. HP: 33/40 MP: 3/3
   673 | D:2      | Found an ancient bone altar of Kikubaaqudgha.
   912 | D:3      | Reached skill level 4 in Axes
   930 | D:3      | Noticed mrlamo's ghost (amateur HuFi)
   933 | D:3      | Reached skill level 1 in Dodging
   948 | D:3      | Killed mrlamo's ghost
   948 | D:3      | Reached XP level 5. HP: 33/47 MP: 4/4
   971 | D:3      | Reached skill level 5 in Shields
  1023 | D:3      | Found a snail-covered altar of Cheibriados.
  1023 | D:3      | Found a glowing silver altar of Zin.
  1029 | D:3      | Found a glowing golden altar of the Shining One.
  1029 | D:3      | Found a sparkling altar of Nemelex Xobeh.
  1209 | D:3      | Reached XP level 6. HP: 53/53 MP: 5/5
  1751 | D:4      | Reached skill level 5 in Armour
  1754 | D:4      | Reached skill level 5 in Axes
  2219 | D:4      | Reached XP level 7. HP: 60/60 MP: 6/6
  2264 | D:4      | Found a deep blue altar of Sif Muna.
  2392 | D:4      | Found a staircase to the Ecumenical Temple.
  2502 | D:3      | Reached skill level 5 in Fighting
  2687 | D:3      | Reached skill level 6 in Axes
  2958 | D:5      | Entered Level 5 of the Dungeon
  3463 | D:5      | Found a burning altar of Makhleb.
  3685 | D:5      | Reached skill level 1 in Stealth
  3699 | D:5      | Found Udiviw's Weapon Shoppe.
  3842 | D:5      | Found a shimmering altar of Xom.
  4169 | D:6      | Reached skill level 7 in Axes
  4294 | D:6      | Reached XP level 8. HP: 68/69 MP: 7/7
  4555 | D:6      | Found a bloodstained altar of Trog.
  5171 | D:6      | Reached skill level 8 in Axes
  5668 | D:7      | Found an opulent altar of Gozag.
  5689 | D:7      | Found a stormy altar of Qazlal.
  5735 | D:7      | Found a shattered altar of Ashenzari.
  5770 | D:7      | Found a blossoming altar of Fedhas.
  5909 | D:7      | Noticed a hippogriff
  5919 | D:7      | Killed a hippogriff
  5919 | D:7      | Reached skill level 9 in Axes
  6092 | D:7      | Reached XP level 9. HP: 68/75 MP: 8/8
  6863 | D:8      | Reached skill level 10 in Axes
  7568 | D:8      | Reached skill level 11 in Axes
  7715 | D:7      | Reached XP level 10. HP: 73/88 MP: 9/9
  8000 | D:8      | Found a bloodstained altar of Trog.
  8857 | D:9      | Found Lesaosil's General Store.
  8865 | D:9      | Bought a scroll of identify for 30 gold pieces
  8914 | D:9      | Reached skill level 12 in Axes
  9454 | D:10     | Entered Level 10 of the Dungeon
  9458 | D:10     | Noticed yogakurto's ghost (journeyman GrSk)
 10344 | D:9      | Noticed a two-headed ogre
 10367 | D:9      | Killed a two-headed ogre
 10367 | D:9      | Reached skill level 10 in Shields
 10979 | D:9      | Slain by an iguana

Skill      XL: |  1  2  3  4  5  6  7  8  9 10 |
---------------+-------------------------------+-----
Shields        | 4 5 6 7 8 10 | 10.1
Fighting       | 4 5 6 7 8 |  8.7
Armour         | 4 5 7 8 9 |  9.1
Axes           | 3 4 5 7 9 11 12 | 12.5
Dodging        | 1 2 |  2.9
Stealth        | 1 |  1.5
Evocations     | |  0.5

Action                   |  1- 3 |  4- 6 |  7- 9 | 10-12 || total
-------------------------+-------+-------+-------+-------++-------
Melee: War axe           |    61 |   127 |   406 |   356 ||   950
       Headbutt          |    13 |    25 |    80 |    58 ||   176
Evoke: Wand              |       |       |       |     6 ||     6
  Use: Scroll            |       |       |     6 |       ||     6
 Stab: Confused          |       |       |       |     1 ||     1
  Eat: Chunk             |       |     4 |    15 |    10 ||    29
       Fruit             |       |       |     3 |     2 ||     5
Armor: Scale mail        |    17 |    62 |    47 |       ||   126
       Plate armour      |       |       |   208 |   237 ||   445
Dodge: Dodged            |    19 |    35 |   118 |    90 ||   262
Block: Shield            |    33 |    76 |   237 |   214 ||   560
